[Event "*** Titled Tuesday Blitz"]
[Site "Chess.com"]
[Date "2021.03.09"]
[Round "4"]
[White "Aygehovit1992"]
[Black "Kislov_Oleg"]
[Result "1-0"]
[WhiteElo "2640"]
[BlackElo "2484"]
[TimeControl "180+1"]
[EndTime "10:40:23 PST"]
[Termination "Aygehovit1992 won by resignation"]

1. d4 Nf6 2. Nf3 d5 3. Bg5 e6 4. e3 c5 5. Nbd2 Nc6 6. c3 Bd6 7. Bd3 Qc7 8. Bxf6 gxf6 9. dxc5 Bxc5 10. e4 dxe4 11. Nxe4 Be7 12. Qd2 Bd7 13. Qh6 O-O-O 14. O-O Ne5 15. Be2 Bc6 16. Qe3 Kb8 17. Nd4 f5 18.
Nxc6+ Qxc6 19. Ng5 Bxg5 20. Qxe5+ Ka8 21. Rad1 Rhg8 22.
g3 Be7 23. Bh5 Bf6 24. Qxf6 1-0

[Event "*** Titled Tuesday Blitz"]
[Site "Chess.com"]
[Date "2021.03.09"]
[Round "4"]
[White "night_player"]
[Black "shaheus"]
[Result "1/2-1/2"]
[WhiteElo "2169"]
[BlackElo "2402"]
[TimeControl "180+1"]
[EndTime "10:40:26 PST"]
[Termination "Game drawn by agreement"]

1. e4 c5 2. c3 e5 3. Nf3 Nc6 4. d4 cxd4 5. cxd4 exd4 6. Nxd4 Nf6 7. Nc3 Bb4 8. f3 d5 9. Bb5 Bd7 10. Bxc6 Bxc6 11. Nxc6 bxc6 12. exd5 O-O 13. O-O cxd5 14. Bg5 Bxc3 15. bxc3 h6 16. Bxf6 Qxf6 17. Qxd5 Qxc3 18. Rac1 Qe3+ 19. Kh1 Rad8 20. Qa5 Rd2 21. Rce1 Qd3 22. Qxa7 Qc2 23. Rg1 Qxa2 24. Qxa2 Rxa2 25. g3 Rd8 26.
Rg2 Rdd2 27. Rxd2 Rxd2 28. Kg1 Kh7 29. Rf1 f5 30. Rf2 Rd3 31. Kg2 Kg6 32. Rb2 1/2-1/2

[Event "*** Titled Tuesday Blitz"]
[Site "Chess.com"]
[Date "2021.03.09"]
[Round "4"]
[White "Gerodot71"]
[Black "OlifantCZ"]
[Result "1-0"]
[WhiteElo "2578"]
[BlackElo "2290"]
[TimeControl "180+1"]
[EndTime "10:40:30 PST"]
[Termination "Gerodot71 won by resignation"]

1. d4 Nf6 2. c4 g6 3. Nc3 Bg7 4. e4 O-O 5. Be2 c5 6. d5 d6 7.
Nf3 e6 8. O-O exd5 9. exd5 Bg4 10. Bf4 Bxf3 11. Bxf3 Na6 12. Qb3 b6 13. Qa4 Nc7 14.
Qc6 Nfe8 15. Ne4 Bxb2 16. Rad1 Be5 17. Bxe5 dxe5 18. d6 Ne6 19. Nxc5 Rc8 20. Nxe6 fxe6 21. Qe4 Rc5 22. Bg4 Qd7 23. Bh3 Ng7 24. Rd3 Nf5 25.
Rfd1 Nd4 26. Rxd4 exd4 27. Bxe6+ 1-0

[Event "*** Titled Tuesday Blitz"]
[Site "Chess.com"]
[Date "2021.03.09"]
[Round "4"]
[White "Ghost_Pepper"]
[Black "NateSolon"]
[Result "0-1"]
[WhiteElo "2390"]
[BlackElo "2604"]
[TimeControl "180+1"]
[EndTime "10:40:32 PST"]
[Termination "NateSolon won by checkmate"]

1. e4 c5 2. Nf3 d6 3. d4 cxd4 4. Nxd4 Nf6 5. Nc3 a6 6. h3 e5 7.
Nde2 h5 8. Bg5 Be6 9. Qd2 Nbd7 10. a4 Rc8 11. g3 Be7 12. Bg2 Qc7 13. O-O O-O 14.
Kh2 b5 15. axb5 axb5 16. b4 Nb6 17. Rfc1 Nc4 18. Qd3 Ng4+ 19. hxg4 Bxg5 20. Rh1 hxg4 21. Nd5 Bxd5 22. exd5 g6 23. c3 Qb6 24. Kg1 Kg7 25. Kf1 Rh8 26. Rxh8 Rxh8 27. Nc1 Nd2+ 28. Ke2 Rh2 29. Be4 Qxf2+ 30. Kd1 Nxe4 31. Qxe4 Qd2# 0-1

[Event "*** Titled Tuesday Blitz"]
[Site "Chess.com"]
[Date "2021.03.09"]
[Round "4"]
[White "XanoushX_X"]
[Black "HrvojeZagreb"]
[Result "1-0"]
[WhiteElo "2455"]
[BlackElo "2261"]
[TimeControl "180+1"]
[EndTime "10:40:32 PST"]
[Termination "XanoushX_X won by resignation"]

1. d4 e6 2. c4 f5 3. g3 Nf6 4. Bg2 Be7 5. Nf3 O-O 6. O-O d6 7. b3 Ne4 8. Bb2 Bf6 9. Nbd2 Nxd2 10. Qxd2 Qe8 11. Rfe1 Nc6 12. e4 e5 13. dxe5 dxe5 14.
Rad1 f4 15. b4 fxg3 16. hxg3 Bg4 17. b5 Nd8 18. Qd5+ Kh8 19. Rd3 c6 20. Qc5 Ne6 21. Qe3 cxb5 22. cxb5 Qxb5 23. Rb3 Qa6 24. Nxe5 Bxe5 25.
Bxe5 Qxa2 26. Rxb7 Rad8 27. Rxa7 Rd3 28. Rxa2 Rxe3 29.
Rxe3 Nc5 30. Rd2 Be6 31. f4 1-0

[Event "*** Titled Tuesday Blitz"]
[Site "Chess.com"]
[Date "2021.03.09"]
[Round "4"]
[White "sau6on"]
[Black "Mazetovic"]
[Result "0-1"]
[WhiteElo "2487"]
[BlackElo "2674"]
[TimeControl "180+1"]
[EndTime "10:40:33 PST"]
[Termination "Mazetovic won on time"]

1. e4 c5 2. Nf3 Nc6 3. d4 cxd4 4. Nxd4 g6 5. c4 Bg7 6. Nc2 Nf6 7. Nc3 d6 8. Be2 Nd7 9. Bd2 Nc5 10. O-O a5 11.
f3 O-O 12. Kh1 Be6 13. b3 Nb4 14. Ne3 a4 15. a3 Nc6 16. b4 Nb3 17. Ra2 Ncd4 18.
Be1 Nxe2 19. Rxe2 Nd4 20. Ra2 b5 21. Ncd5 bxc4 22. Bc3 Nb5 23. Bxg7 Kxg7 24. Nxc4 f6 25. Ncb6 Ra6 26. Nc4 Bxd5 27. exd5 Nc3 28. Qd2 Nxa2 29. Qxa2 Ra7 30. b5 Rc7 31. b6 Rc5 32. Rb1 Qd7 33.
Ne3 Rb8 34. Qb2 Qb7 35. Qb4 Qxb6 0-1

[Event "*** Titled Tuesday Blitz"]
[Site "Chess.com"]
[Date "2021.03.09"]
[Round "4"]
[White "Shahaliyev"]
[Black "DamianoLew95"]
[Result "1-0"]
[WhiteElo "2641"]
[BlackElo "2484"]
[TimeControl "180+1"]
[EndTime "10:40:33 PST"]
[Termination "Shahaliyev won by resignation"]

1. e4 c5 2. Nf3 d6 3. d4 cxd4 4. Nxd4 Nf6 5. Nc3 Nc6 6. Bb5 Bd7 7. Bg5 e6 8. O-O Be7 9. Bxc6 bxc6 10. e5 dxe5 11.
Nf3 e4 12. Bxf6 exf3 13. Bxe7 Qxe7 14. Qxf3 O-O 15. Rad1 e5 16. Rfe1 f6 17. Ne4 Rfd8 18. c4 Be8 19. Ng3 Qb4 20. b3 a5 21. Rxd8 Rxd8 22.
Rd1 Rd2 23. Ne4 Rxa2 24. Qg4 Qe7 25. h4 h5 26. Qf5 Rb2 27. Rd6 Rxb3 28. Qc8 f5 29.
Ng5 Qxd6 30. Qxe8+ Qf8 31. Qe6+ Kh8 32. Qg6 1-0

[Event "*** Titled Tuesday Blitz"]
[Site "Chess.com"]
[Date "2021.03.09"]
[Round "4"]
[White "buhomurciano"]
[Black "AurumO"]
[Result "1-0"]
[WhiteElo "2258"]
[BlackElo "1970"]
[TimeControl "180+1"]
[EndTime "10:40:33 PST"]
[Termination "buhomurciano won on time"]

1. e4 c5 2. Nc3 Nc6 3. Nge2 g6 4.
d4 cxd4 5. Nxd4 Bg7 6. Be3 Nf6 7. f3 O-O 8. g4 Qb6 9. Rb1 Nxe4 10. fxe4 Bxd4 11. Nd5 Qa5+ 12. b4 Qxa2 13. Bxd4 Nxd4 14. Nxe7+ Kg7 15. Qxd4+ f6 16. Ra1 Qe6 17. Nd5 Qxg4 18. Be2 Qh4+ 19. Kd2 Qg5+ 20. Qe3 Qe5 21. h4 d6 22. h5 g5 23. h6+ Kh8 24. Raf1 Be6 25. c3 Bxd5 26. exd5 Qxd5+ 27. Qd4 Qa2+ 28. Kd3 Rae8 29.
Rh2 Qa6+ 30. c4 Qa3+ 31. Qc3 1-0

[Event "*** Titled Tuesday Blitz"]
[Site "Chess.com"]
[Date "2021.03.09"]
[Round "4"]
[White "PopMilan95"]
[Black "AsaHoffmann"]
[Result "1-0"]
[WhiteElo "2611"]
[BlackElo "2409"]
[TimeControl "180+1"]
[EndTime "10:40:34 PST"]
[Termination "PopMilan95 won by resignation"]

1. e4 d6 2. Nc3 Nf6 3. Bc4 c6 4. Bb3 d5 5. e5 Nfd7 6. d4 Nb6 7. Nce2 Bf5 8. Ng3 Bg6 9. e6 fxe6 10. h4 N8d7 11. h5 Bf7 12. f4 Nf6 13. Nf3 Qd6 14. Be3 Nbd7 15. c3 b6 16. Ne5 a6 17. a4 c5 18. Qe2 c4 19. Bc2 Nb8 20. f5 exf5 21. Bf4 Bg8 22. Ng6 Qe6 23. Nxh8 Qxe2+ 24. Kxe2 e6 25. b3 cxb3 26. Bxb3 Nc6 27. Rab1 Kd7 28. Bc2 Bd6 29. Bxd6 Kxd6 30. Rxb6 Re8 31.
Rb7 Na5 32. Nf7+ Bxf7 33. Rxf7 e5 34. Nxf5+ Ke6 35. Ra7 e4 36. Nxg7+ Kd6 37. Nxe8+ 1-0

[Event "*** Titled Tuesday Blitz"]
[Site "Chess.com"]
[Date "2021.03.09"]
[Round "4"]
[White "IsaacWiebe"]
[Black "Isajevsky_Anton"]
[Result "0-1"]
[WhiteElo "2282"]
[BlackElo "2465"]
[TimeControl "180+1"]
[EndTime "10:40:34 PST"]
[Termination "Isajevsky_Anton won by resignation"]

1. e4 c5 2. Nc3 d6 3. g3 g6 4. Bg2 Bg7 5. Nge2 Nc6 6. O-O e6 7.
d3 Nge7 8. Be3 Nd4 9. Qd2 O-O 10. Nd1 Rb8 11. c3 Nxe2+ 12. Qxe2 b5 13. f4 Qc7 14. Nf2 b4 15. d4 bxc3 16. bxc3 Bd7 17. Rfd1 Bb5 18.
Qd2 cxd4 19. cxd4 d5 20. e5 Nf5 21. g4 Nxe3 22. Qxe3 f6 23. exf6 Rxf6 24. g5 Rxf4 25. Qxe6+ Kh8 26. Qxd5 Rxf2 27. Kxf2 Qxh2 28. Rh1 Rf8+ 29.
Ke3 Qg3+ 30. Bf3 Rxf3+ 31. Qxf3 Bxd4+ 32. Ke4 Bc6+ 33. Kxd4 Bxf3 0-1

[Event "*** Titled Tuesday Blitz"]
[Site "Chess.com"]
[Date "2021.03.09"]
[Round "4"]
[White "grandcoach"]
[Black "InitiatingASC"]
[Result "1-0"]
[WhiteElo "2254"]
[BlackElo "2427"]
[TimeControl "180+1"]
[EndTime "10:40:34 PST"]
[Termination "grandcoach won by resignation"]

1. e4 c5 2. b4 e6 3. bxc5 Bxc5 4. d4 Be7 5. Bd3 d6 6. Ne2 a6 7. O-O b6 8. f4 Nf6 9. c4 Nbd7 10. Bb2 Bb7 11. Nd2 O-O 12. Ng3 e5 13. Nf5 exd4 14.
Bxd4 Nc5 15. Qf3 Nxd3 16. Qxd3 Re8 17. Qg3 g6 18. Nh6+ Kf8 19. f5 Nxe4 20. fxg6 Bf6 21. Rxf6 Qxf6 22. g7+ Ke7 23. Bxf6+ Kxf6 24. Rf1+ Ke6 25.
Nxe4 Bxe4 26. g8=Q Rxg8 27. Nxg8 Bg6 28. Rf6+ 1-0

[Event "*** Titled Tuesday Blitz"]
[Site "Chess.com"]
[Date "2021.03.09"]
[Round "4"]
[White "Mr_Sinigami"]
[Black "muchojogo"]
[Result "1-0"]
[WhiteElo "2596"]
[BlackElo "2362"]
[TimeControl "180+1"]
[EndTime "10:40:35 PST"]
[Termination "Mr_Sinigami won by resignation"]

1. d4 Nf6 2. Nf3 c5 3. d5 e6 4.
c4 exd5 5. cxd5 Bd6 6. Nc3 O-O 7. Nd2 Re8 8. Nc4 Bf8 9. e3 a6 10. a4 d6 11. Be2 Nbd7 12. a5 Ne5 13. Nb6 Rb8 14.
O-O Bf5 15. f3 Ned7 16. Nca4 Nxb6 17. Nxb6 Nd7 18. Nc4 Ne5 19. Nxe5 Rxe5 20. e4 Bd7 21. Qc2 g6 22. Bd2 Re8 23. Bc3 Bg7 24. f4 Bb5 25.
Bd3 Bxd3 26. Qxd3 Qe7 27. Rae1 b5 28. axb6 Rxb6 29. e5 Qd7 30. e6 Qb7 31. f5 gxf5 32. Qxf5 fxe6 33. dxe6 Rf8 34. e7 Rxf5 35. Rxf5 Qxe7 1-0

[Event "*** Titled Tuesday Blitz"]
[Site "Chess.com"]
[Date "2021.03.09"]
[Round "4"]
[White "GelmanAlexander"]
[Black "Er_is_geen_hoop_meer"]
[Result "1-0"]
[WhiteElo "2588"]
[BlackElo "2400"]
[TimeControl "180+1"]
[EndTime "10:40:36 PST"]
[Termination "GelmanAlexander won by resignation"]

1. d4 Nf6 2. Nc3 d5 3. Bf4 c5 4.
e3 cxd4 5. exd4 a6 6. Nf3 Nc6 7. Ne5 Bf5 8. g4 Bg6 9. h4 h5 10.
Nxg6 fxg6 11. g5 Ne4 12. Nxe4 dxe4 13. d5 e5 14. dxc6 exf4 15. cxb7 Qa5+ 16. c3 Rb8 17. Qb3 Bc5 18. Qe6+ Kf8 19. O-O-O Rxb7 20. Qc8+ 1-0

[Event "*** Titled Tuesday Blitz"]
[Site "Chess.com"]
[Date "2021.03.09"]
[Round "4"]
[White "Pilopa"]
[Black "tk22h"]
[Result "1-0"]
[WhiteElo "2546"]
[BlackElo "2339"]
[TimeControl "180+1"]
[EndTime "10:40:36 PST"]
[Termination "Pilopa won by resignation"]

1. e4 e5 2. Nf3 Nc6 3. Bc4 Nf6 4.
d3 Be7 5. O-O O-O 6. a4 d5 7. exd5 Nxd5 8. h3 a6 9. Re1 Nb6 10. Ba2 Bd6 11. Bg5 Qd7 12. Nc3 h6 13. Be3 Qf5 14. Nd5 Nxd5 15. Bxd5 Bd7 16. c3 Rad8 17. b4 b6 18. b5 axb5 19. axb5 Ne7 20. Be4 Qf6 21. c4 Ng6 22. Nd2 Nf4 23. Qf3 Qg5 24. g3 Nxh3+ 25. Kg2 Nf4+ 26. Kh2 Qh5+ 27.
Qxh5 Nxh5 28. Bc6 f5 29. Nb3 f4 30. Bd2 fxg3+ 31. fxg3 Rf2+ 32. Kg1 Rxd2 33. Nxd2 Bc5+ 34.
Kg2 Bxc6+ 35. bxc6 Rxd3 36. Ne4 Bd4 37. Ra7 b5 38. Rxc7 bxc4 39. Rd7 Nf6 40. Nxf6+ gxf6 41. c7 1-0

[Event "*** Titled Tuesday Blitz"]
[Site "Chess.com"]
[Date "2021.03.09"]
[Round "4"]
[White "C_K_G"]
[Black "politeplayer"]
[Result "0-1"]
[WhiteElo "2016"]
[BlackElo "2288"]
[TimeControl "180+1"]
[EndTime "10:40:36 PST"]
[Termination "politeplayer won by resignation"]

1. e4 c5 2. Nf3 e6 3. c3 Nf6 4. e5 Nd5 5. d4 cxd4 6. cxd4 d6 7. exd6 Bxd6 8. Nc3 O-O 9. Nxd5 exd5 10.
Be2 Nc6 11. O-O Bf5 12. a3 Re8 13. Re1 Qc7 14. h3 Be4 15. Be3 Bf4 16. Bb5 Bxe3 17.
fxe3 Bxf3 18. Qxf3 Qd6 19. Rac1 Re6 20. Bd3 Rae8 21.
Rc5 Nxd4 22. Qxd5 Nf3+ 23. Qxf3 Qxc5 24. Kh1 Rxe3 25. Rxe3 Qxe3 0-1

[Event "*** Titled Tuesday Blitz"]
[Site "Chess.com"]
[Date "2021.03.09"]
[Round "4"]
[White "Murad_Ibrahimli"]
[Black "Margency"]
[Result "0-1"]
[WhiteElo "2867"]
[BlackElo "2712"]
[TimeControl "180+1"]
[EndTime "10:40:37 PST"]
[Termination "Margency won by resignation"]

1. d4 Nf6 2. c4 g6 3. Nc3 d5 4.
Nf3 Bg7 5. cxd5 Nxd5 6. Bd2 Nb6 7.
Bg5 c5 8. dxc5 Bxc3+ 9. bxc3 Qxd1+ 10. Rxd1 Na4 11. h4 f6 12. Be3 Nd7 13. c6 bxc6 14. Nd4 Ne5 15. Bf4 Nxc3 16. Rd2 Rb8 17. f3 Rb1+ 18.
Kf2 Nc4 19. Rd3 Nd1+ 20. Kg3 e5 21. Bh6 exd4 22. Rxd4 Be6 23. e4 Nb6 24. Be2 Nc3 0-1

[Event "*** Titled Tuesday Blitz"]
[Site "Chess.com"]
[Date "2021.03.09"]
[Round "4"]
[White "Klavdia_Nik"]
[Black "Matols"]
[Result "0-1"]
[WhiteElo "2052"]
[BlackElo "2282"]
[TimeControl "180+1"]
[EndTime "10:40:37 PST"]
[Termination "Matols won by resignation"]

1. Nf3 Nf6 2. c4 e6 3. b3 d5 4. Bb2 Be7 5. g3 O-O 6. Bg2 c5 7. O-O Nc6 8. d3 b6 9. cxd5 Nxd5 10. e4 Nf6 11. e5 Nd5 12. d4 Bb7 13. Nc3 Nxc3 14. Bxc3 Rc8 15. Qd2 Nxd4 16. Nxd4 Bxg2 17. Kxg2 cxd4 18. Qxd4 Bc5 19. Qxd8 Rfxd8 20. Rad1 Kf8 21. Bb2 Ke7 22. Rd2 Rxd2 0-1

[Event "*** Titled Tuesday Blitz"]
[Site "Chess.com"]
[Date "2021.03.09"]
[Round "4"]
[White "Promacherr"]
[Black "Piotrek1979"]
[Result "1-0"]
[WhiteElo "2604"]
[BlackElo "2364"]
[TimeControl "180+1"]
[EndTime "10:40:38 PST"]
[Termination "Promacherr won on time"]

1. e4 c5 2. Nc3 Nc6 3. g3 g6 4. Bg2 Bg7 5. Nge2 Rb8 6. h4 b5 7. h5 b4 8. Nd5 e6 9. Ne3 d6 10.
d3 Nd4 11. Nxd4 cxd4 12. Nc4 Ne7 13. Bf4 e5 14. Bg5 h6 15. Bd2 g5 16. f4 f6 17. a3 bxa3 18. Rxa3 a6 19. Qf3 O-O 20. Bh3 Nc6 21. Bxc8 Rxc8 22. Rxa6 f5 23. fxg5 fxe4 24. Qxe4 d5 25. Qg6 dxc4 26. gxh6 Rf7 27. hxg7 Qd5 28. Rg1 Qf3 29. h6 Qf2+ 30. Kd1 Qxg1+ 31.
Be1 1-0

[Event "*** Titled Tuesday Blitz"]
[Site "Chess.com"]
[Date "2021.03.09"]
[Round "4"]
[White "chessmachine14"]
[Black "Hypercar"]
[Result "1-0"]
[WhiteElo "2324"]
[BlackElo "2479"]
[TimeControl "180+1"]
[EndTime "10:40:39 PST"]
[Termination "chessmachine14 won by resignation"]

1. e4 c5 2. Nf3 e6 3. d4 cxd4 4. Nxd4 a6 5. c4 Nf6 6. Nc3 Nc6 7. Be3 d5 8. cxd5 exd5 9. Nxc6 bxc6 10. e5 Nd7 11. f4 Bb4 12. Bd3 c5 13. e6 fxe6 14.
Qh5+ Kf8 15. a3 Ba5 16. O-O d4 17. f5 dxe3 18. fxe6+ Ke7 19. Rf7+ Kd6 20. Qd5+ Kc7 21.
exd7 Bxd7 22. Bf5 Kb8 23. Rxd7 Qb6 24. Qe5+ Kc8 25. Rc7+ Kb8 26. Rc6+ Kb7 27. Rxb6+ Bxb6 28. Qe7+ Kb8 29. Nd5 Ra7 30. Qd6+ Bc7 31. Nxc7 Rxc7 32. Rc1 Re8 33. Rxc5 e2 34. Qxc7+ Ka8 35. Be4+ Rxe4 36. Qc8+ Ka7 37. Rc7+ Kb6 38. Qb7+ Ka5 39. Qxe4 e1=Q+ 40. Qxe1+ 1-0

[Event "*** Titled Tuesday Blitz"]
[Site "Chess.com"]
[Date "2021.03.09"]
[Round "4"]
[White "ChrisTool2"]
[Black "swisspower96"]
[Result "1-0"]
[WhiteElo "2354"]
[BlackElo "2575"]
[TimeControl "180+1"]
[EndTime "10:40:40 PST"]
[Termination "ChrisTool2 won by checkmate"]

1. d4 Nf6 2. c4 e6 3. Nf3 d5 4. Nc3 Bb4 5. Qa4+ Nc6 6. Bg5 h6 7. Bxf6 Qxf6 8. e3 O-O 9. cxd5 exd5 10. Bd3 Be6 11. O-O a6 12. Rfc1 Bd6 13. a3 Ne7 14. b4 g5 15. Qc2 h5 16. e4 Bf4 17.
e5 Qg7 18. Rf1 f6 19. g3 fxe5 20. dxe5 Bxe5 21. Nxe5 Qxe5 22. Rae1 Qf6 23. Na4 Bh3 24. Qxc7 Bxf1 25. Rxf1 Nc6 26. Qh7# 1-0

[Event "*** Titled Tuesday Blitz"]
[Site "Chess.com"]
[Date "2021.03.09"]
[Round "4"]
[White "Dave_ChessMate"]
[Black "esrosenberg"]
[Result "1-0"]
[WhiteElo "2407"]
[BlackElo "2138"]
[TimeControl "180+1"]
[EndTime "10:40:40 PST"]
[Termination "Dave_ChessMate won by resignation"]

1. e4 e5 2. Nf3 Nc6 3. Bb5 a6 4. Bxc6 dxc6 5. O-O f6 6. d4 exd4 7. Nxd4 c5 8. Nb3 Qxd1 9. Rxd1 Be6 10. Be3 b6 11. N1d2 a5 12. Nc1 Ne7 13. Nd3 Ng6 14. f4 Bg4 15. Re1 O-O-O 16. f5 Ne5 17. Nxe5 fxe5 18.
Nc4 Bd6 19. h3 Bh5 20. g4 Bf7 21. b3 Bxc4 22. bxc4 h5 23. Kg2 hxg4 24. hxg4 Be7 25.
Rh1 a4 26. g5 Kb7 27. Rxh8 Rxh8 28. Rh1 Rxh1 29. Kxh1 c6 30. Kg2 b5 31. Kf3 Kb6 32.
Kg4 Ka5 33. Bd2+ Kb6 34. Bc3 Bd6 35. Kh5 b4 36. Bb2 Ka5 37. Kg6 b3 38. Bc3+ Kb6 39. cxb3 axb3 40. axb3 Kc7 41. Kxg7 Kd7 42. Kf7 Bf8 1-0

[Event "*** Titled Tuesday Blitz"]
[Site "Chess.com"]
[Date "2021.03.09"]
[Round "4"]
[White "Mrlammy"]
[Black "vladimirdamjanovic"]
[Result "1-0"]
[WhiteElo "2307"]
[BlackElo "2457"]
[TimeControl "180+1"]
[EndTime "10:40:42 PST"]
[Termination "Mrlammy won on time"]

1. e4 Nc6 2. Nf3 g6 3. d4 Bg7 4. d5 Nb8 5. Nc3 d6 6. Be3 Nf6 7. Qd2 O-O 8. h4 h5 9. O-O-O c6 10. Bh6 Bg4 11. Bxg7 Kxg7 12. Be2 Nbd7 13. Ng5 Bxe2 14.
Qxe2 Qb6 15. f4 Ng4 16. Rde1 cxd5 17. exd5 Rae8 18. Rhf1 Nh2 19. Rh1 Ng4 20. Rhf1 Qa6 21. Qxa6 bxa6 22. Re2 Ndf6 23. Rfe1 Nh6 24. Rxe7 Rb8 25. Ne6+ Kg8 26. Nxf8 Kxf8 27. Rxa7 Rb6 28. a4 1-0

[Event "*** Titled Tuesday Blitz"]
[Site "Chess.com"]
[Date "2021.03.09"]
[Round "4"]
[White "Vsevolod_Ovchinnikov"]
[Black "Legendinunknown"]
[Result "1-0"]
[WhiteElo "2500"]
[BlackElo "2623"]
[TimeControl "180+1"]
[EndTime "10:40:43 PST"]
[Termination "Vsevolod_Ovchinnikov won by checkmate"]

1. d4 Nf6 2. c4 g6 3. Nc3 Bg7 4. e4 d6 5. Nf3 O-O 6. h3 e5 7. d5 Na6 8. Be3 Qe8 9. g4 Nd7 10.
Rg1 f5 11. gxf5 gxf5 12. Bh6 Rf7 13. Ng5 Rf6 14. Ne6 Rxh6 15. Nxg7 Rg6 16. Nxe8 Rxg1 17. Qh5 f4 18. O-O-O Nf8 19. Nf6+ Kg7 20. Ng4 Bxg4 21. hxg4 f3 22. Qh2 Rxg4 23. Bh3 Rg5 24. Rg1 Rxg1+ 25.
Qxg1+ Ng6 26. Bf5 Nc5 27. Kc2 a6 28. b4 b5 29. bxc5 bxc4 30. cxd6 cxd6 31. Qb1 Kf6 32. Qb6 Rf8 33. Qxd6+ Kg5 34. Bxg6 Rf4 35. Qxe5+ Kg4 36. Qh5# 1-0

[Event "*** Titled Tuesday Blitz"]
[Site "Chess.com"]
[Date "2021.03.09"]
[Round "4"]
[White "MuhittinBuker"]
[Black "Manukyan_Artak"]
[Result "1/2-1/2"]
[WhiteElo "2160"]
[BlackElo "2401"]
[TimeControl "180+1"]
[EndTime "10:40:43 PST"]
[Termination "Game drawn by repetition"]

1. d4 Nf6 2. c4 g6 3. Nc3 Bg7 4. Nf3 O-O 5. e4 d6 6. Be2 e5 7.
O-O Nc6 8. d5 Ne7 9. Ne1 a5 10.
Nd3 b6 11. a3 Nd7 12. Be3 f5 13. f3 h5 14. b4 Kh7 15. c5 axb4 16. axb4 Rxa1 17. Qxa1 bxc5 18. bxc5 Bh6 19. Bxh6 Kxh6 20. c6 Nf6 21. Qa5 Ne8 22. Nb5 fxe4 23. fxe4 Rxf1+ 24.
Bxf1 g5 25. Be2 g4 26. g3 Ng6 27. Nf2 h4 28. Bxg4 hxg3 29. hxg3 Bxg4 30. Nxg4+ Kg7 31. Qd2 Qb8 32. Qh6+ Kf7 33. Qh7+ Ng7 34. Nh6+ Kf6 35. Ng4+ Kf7 36. Nh6+ Kf6 37. Ng4+ Kf7 1/2-1/2

[Event "*** Titled Tuesday Blitz"]
[Site "Chess.com"]
[Date "2021.03.09"]
[Round "4"]
[White "IngOscarArdila"]
[Black "kai_nov"]
[Result "1-0"]
[WhiteElo "2259"]
[BlackElo "2423"]
[TimeControl "180+1"]
[EndTime "10:40:46 PST"]
[Termination "IngOscarArdila won on time"]

1. d4 d5 2. c4 e6 3. Nc3 c6 4.
cxd5 exd5 5. Nf3 Nf6 6. Bg5 h6 7. Bh4 Bf5 8. e3 Nbd7 9. Qb3 Qb6 10. Be2 Ne4 11. Nxe4 Qxb3 12. axb3 Bxe4 13. O-O Bb4 14. Ra4 a5 15. Rfa1 O-O 16. Bd1 f6 17. Bg3 Rfe8 18. Bc7 b5 19. R4a2 Ra7 20. Bg3 Rea8 21. Kf1 Nb6 22. Rc1 Bd3+ 23. Be2 Bxe2+ 24. Kxe2 Rc8 25.
Nh4 a4 26. Nf5 Kf7 27. Bd6 Ba5 28. Bc5 axb3 29. Rxa5 Rxa5 30. Bxb6 Ra2 31. Nd6+ Ke6 32. Nxc8 Rxb2+ 33. Kd3 Rxf2 34. Rb1 Rxg2 35. Rxb3 Rxh2 36. Rc3 Kd7 37. Na7 b4 38. Rxc6 1-0

[Event "*** Titled Tuesday Blitz"]
[Site "Chess.com"]
[Date "2021.03.09"]
[Round "4"]
[White "VFernandezB"]
[Black "BvsN"]
[Result "1-0"]
[WhiteElo "2499"]
[BlackElo "2308"]
[TimeControl "180+1"]
[EndTime "10:40:48 PST"]
[Termination "VFernandezB won by resignation"]

1. e4 c5 2. Nf3 e6 3. d4 cxd4 4. Nxd4 a6 5. Bd3 Nf6 6. O-O Qc7 7. Qe2 d6 8. f4 g6 9. Kh1 Bg7 10. c3 O-O 11. Nf3 Nbd7 12. Nbd2 b5 13. a4 bxa4 14. Rxa4 Nc5 15. Rc4 d5 16. exd5 exd5 17. Rb4 a5 18. Rd4 Re8 19. Ne5 Nxd3 20. Qxd3 Ba6 21. c4 dxc4 22.
Qc3 Rad8 23. Rxd8 Rxd8 24. Ndf3 Nd5 25. Qa3 c3 26. Re1 cxb2 27. Bxb2 Nxf4 28. Bc3 Rc8 29. Bxa5 Qc2 30. Bd2 Bb7 31. Bxf4 Rd8 32. Qe7 Rd1 1-0

[Event "*** Titled Tuesday Blitz"]
[Site "Chess.com"]
[Date "2021.03.09"]
[Round "4"]
[White "Nuvas"]
[Black "real_karma"]
[Result "1-0"]
[WhiteElo "2568"]
[BlackElo "2367"]
[TimeControl "180+1"]
[EndTime "10:40:49 PST"]
[Termination "Nuvas won by resignation"]

1. d4 b6 2. e4 Bb7 3. Bd3 e6 4. c4 d5 5. cxd5 exd5 6. e5 c5 7. Nf3 Nc6 8. O-O Nge7 9. Bg5 h6 10. Bh4 g5 11. Bg3 c4 12. Bc2 Bg7 13. Nc3 O-O 14.
Nb5 Ba6 15. Nd6 Nb4 16. Bb1 c3 17. bxc3 Bxf1 18. Qxf1 Nbc6 19. Qd3 Ng6 20. e6 f5 21. Nxf5 Rf6 22. Ne5 Ncxe5 23. Bxe5 Nxe5 24. dxe5 Rxe6 25. Nxg7 Kxg7 26. Qh7+ Kf8 27. Bf5 Qe7 28. Qh8+ Kf7 29. Qxa8 Rxe5 30. Bd3 Qc7 31. Rc1 d4 32. c4 Qd7 33. Qh8 Re8 34. Qh7+ Ke6 35. Bf5+ Ke5 1-0

[Event "*** Titled Tuesday Blitz"]
[Site "Chess.com"]
[Date "2021.03.09"]
[Round "4"]
[White "kidagent"]
[Black "IljaJoke"]
[Result "1-0"]
[WhiteElo "2317"]
[BlackElo "2463"]
[TimeControl "180+1"]
[EndTime "10:40:51 PST"]
[Termination "kidagent won by resignation"]

1. e4 c5 2. Nf3 d6 3. d4 cxd4 4.
Nxd4 Nf6 5. Nc3 a6 6. Bg5 e6 7. f4 Be7 8. Qf3 Qc7 9. O-O-O Nbd7 10. Bd3 b5 11. Rhe1 b4 12. Nd5 exd5 13. exd5 Kd8 14. Nc6+ Ke8 15. Rxe7+ Kf8 16. Bxf6 gxf6 17. Qh3 h5 18.
Rde1 Nc5 19. Rxc7 Bxh3 20. gxh3 Nxd3+ 21. cxd3 Rg8 22. Ree7 Rg2 23. Rxf7+ Kg8 24. Rxf6 Re8 25. Re7 Rxe7 26. Nxe7+ Kg7 27. Rxd6 Rxh2 28. Rxa6 Rxh3 29. Kc2 Rh2+ 30. Kb3 h4 31. Nf5+ Kf7 32. Nxh4 Rxh4 33. Kxb4 Rxf4+ 34. Kc5 Rf2 35. b4 Rc2+ 36. Kd6 Rb2 37.
a3 Rd2 38. Kc7 Rxd3 39. d6 Ke6 40. d7+ Ke7 41. d8=Q+ Rxd8 1-0

[Event "*** Titled Tuesday Blitz"]
[Site "Chess.com"]
[Date "2021.03.09"]
[Round "4"]
[White "LileKoridze"]
[Black "tylityli"]
[Result "1-0"]
[WhiteElo "2446"]
[BlackElo "2246"]
[TimeControl "180+1"]
[EndTime "10:40:51 PST"]
[Termination "LileKoridze won on time"]

1. d4 Nf6 2. c4 e6 3. Nc3 Bb4 4. e3 O-O 5. Bd3 d5 6. Ne2 dxc4 7. Bxc4 b6 8. O-O Bb7 9. a3 Bd6 10. Qd3 a6 11. e4 b5 12. Ba2 e5 13. d5 Nbd7 14. Ng3 Re8 15. Nf5 Bf8 16. Qg3 Kh8 17.
Bg5 h6 18. Qh4 Qc8 19. d6 Nh7 20. Be3 Bxd6 21. Bxf7 Rf8 22. Be6 Qd8 23. Qg3 Rxf5 24. Bxf5 Ndf6 25. Rad1 Qe8 26. Nd5 Bxd5 27. exd5 Qe7 28.
Kh1 Rf8 29. Qh3 e4 30. Be6 Qe8 31. f3 exf3 32. Rxf3 Qg6 33. Rdf1 1-0

[Event "*** Titled Tuesday Blitz"]
[Site "Chess.com"]
[Date "2021.03.09"]
[Round "4"]
[White "Niktlt"]
[Black "HanSchut"]
[Result "1-0"]
[WhiteElo "2431"]
[BlackElo "2214"]
[TimeControl "180+1"]
[EndTime "10:40:51 PST"]
[Termination "Niktlt won on time"]

1. c4 Nf6 2. Nc3 d5 3. cxd5 Nxd5 4. g3 c5 5. Bg2 Nc7 6. Nf3 Nc6 7. O-O e5 8. a3 f6 9. b4 cxb4 10.
axb4 Bxb4 11. Bb2 O-O 12. d3 Be6 13. Qa4 Bxc3 14. Bxc3 b5 15. Qc2 b4 16. Bb2 Qd7 17. Rfc1 Bd5 18. e4 b3 19. Qc3 Nb5 20. Qc5 Ncd4 21.
Nxd4 Nxd4 22. Bxd4 Bf7 23. Bb2 Rfc8 24. Qa3 Rxc1+ 25. Rxc1 Qxd3 26. Bf1 Qd2 27. Rc7 a5 28. Qe7 Rf8 29. Ba3 1-0